 Dungeon Crawl Stone Soup version 0.30-a0-585-g93115170b9 (webtiles) character file.

Game seed: 8954626708485114880

68 benadryl the Shooter (level 4, -4/28 HPs)
             Began as a Gargoyle Hunter on Jan 2, 2023.
             Killed by divine providence
             ... invoked by an orc priest
              (13 damage)
             ... on level 3 of the Dungeon.
             The game lasted 00:01:57 (1666 turns).

benadryl the Shooter (Gargoyle Hunter)              Turns: 1666, Time: 00:01:57

Health: -4/28      AC: 12    Str: 14    XL:     4   Next: 19%
Magic:  4/4        EV: 11    Int: 10    God:
Gold:   122        SH:  0    Dex: 15    Spells: 3/3 levels left

rFire   . . .      SeeInvis .    a - +0 shortbow
rCold   . . .      Faith    .    (shield currently unavailable)
rNeg    + . .      Spirit   .    j - +1 chain mail {Will+}
rPois   ∞          Reflect  .    (no helmet)
rElec   +          Harm     .    (no cloak)
rCorr   .          Rampage  .    (no gloves)
Will    +....                    (no boots) Stlth
                                 (no amulet)
HPRegen 0.24/turn                l - +5 ring of evasion
MPRegen 0.09/turn                (no ring)

@: no status effects
A: sickness immunity, AC +3, negative energy resistance 1, electricity
resistance, torment resistance 1, petrification resistance
a: no special abilities


You were on level 3 of the Dungeon.
You visited 1 branch of the dungeon, and saw 3 of its levels.

You collected 122 gold pieces.

Inventory:

Hand Weapons
 a - a +0 shortbow (weapon)
 e - a +0 hand axe
Armour
 c - a +0 leather armour
 j - a +1 chain mail of willpower (worn)
Jewellery
 l - a +5 ring of evasion (left hand)
 p - the amulet of Elemental Vulnerability {rPois rF-- rC-- AC+8}
   (You took it off a goblin on level 2 of the Dungeon)

   [amulet of nothing]

   AC:        It affects your AC (+8).
   rF:        It makes you very vulnerable to fire.
   rC:        It makes you very vulnerable to cold.
   rPois:     It protects you from poison.
Scrolls
 b - a scroll of immolation
 i - a scroll of noise {unknown}
 k - 2 scrolls of teleportation
 m - a scroll of amnesia {unknown}
 r - a scroll of magic mapping
Potions
 f - a potion of flight {unknown}
 g - 4 potions of haste
 h - a potion of berserk rage {unknown}
 n - a potion of mutation
 o - a potion of magic
 q - a potion of degeneration {unknown}


   Skills:
 + Level 3.2 Fighting
 * Level 5.1 Ranged Weapons
 - Level 1.5 Dodging
 - Level 1.1 Stealth


You had 3 spell levels left.
You didn't know any spells.
Your spell library contained the following spells:

 Spells                   Type           Power      Damage    Failure   Level
 Wereblood                Tmut           0%         N/A       100%        2
 Summon Hydra             Summ           0%         N/A       100%        7
 Sublimation of Blood     Necr           Unusable   N/A       N/A         2

Dungeon Overview and Level Annotations

Branches:
Dungeon (3/15)

Altars:


Innate Abilities, Weirdness & Mutations

You are immune to sickness and miasma.
Your stone body is resilient. (AC +3)
You are immune to poison.
You resist negative energy. (rN+)
You are resistant to electric shocks. (rElec)
You are resistant to unholy torment.
You are immune to petrification.


Message History

Fire: a) +0 shortbow
Press: ? - help, Q - select action Shift-Dir - straight line, f/p - orc
Aim: an orc, wielding a +0 short sword (62% to hit)
You shoot an arrow. The arrow hits the orc.
The orc is almost dead.
The orc barely misses you. The orc misses you.
Fire: a) +0 shortbow
Press: ? - help, Q - select action Shift-Dir - straight line, f/p - orc
Aim: an orc, wielding a +0 short sword (almost dead, 62% to hit)
You shoot an arrow. The arrow barely misses the orc.
The orc hits you but does no damage.
The orc wizard hits you with a +0 dagger.
The orc wizard barely misses you. The orc misses you.
Fire: a) +0 shortbow
Press: ? - help, Q - select action Shift-Dir - straight line, f/p - orc
Aim: an orc, wielding a +0 short sword (almost dead, 62% to hit)
You shoot an arrow.
The arrow hits the orc but does no damage.
The orc is almost dead.
The orc priest looks satisfied for a moment.
The orc hits you but does no damage.
The orc wizard hits you but does no damage.
Fire: a) +0 shortbow
Press: ? - help, Q - select action Shift-Dir - straight line, f/p - orc
Aim: an orc, wielding a +0 short sword (almost dead, 62% to hit)
You shoot an arrow. The arrow hits the orc!
You kill the orc!
The orc wizard barely misses you.
The orc priest mumbles some strange prayers to Beogh against you.
Beogh smites you!
Ouch! That really hurt!
The orc wizard hits you with a +0 dagger.
Fire: a) +0 shortbow
Press: ? - help, Q - select action Shift-Dir - straight line, f - orc wizard
Aim: an orc wizard, wielding a +0 dagger and wearing a +0 robe (moderately wounded, 55% to hit)
You shoot an arrow. The arrow hits the orc wizard!
The orc wizard is severely wounded.
The orc priest calls down the wrath of Beogh upon you.
Beogh smites you!
You die...

....# ###.# ....# .##.#
....# ##### .####
##...#### .#.##
##.......##
....####.........###.##
.......'........@ooo..#
....####........)####.).
### .#.## ##.......##
..# .### ##.....## # #.#
.### ##...## #. #.# ...#
##+## .####.# ##.# #
..##.# ##.#### #.#.##.#
......# #.#.##.#


You could see an orc priest, an orc wizard and an orc.

Vanquished Creatures
  A worm (D:2)
  A dart slug (D:2)
  2 orcs (D:3)
  8 endoplasms
  5 giant cockroaches (D:1)
  5 goblins
  4 hobgoblins
  3 jackals (D:2)
  6 quokkas
  3 ball pythons
  4 bats
  4 frilled lizards
  2 kobolds
  6 rats
54 creatures vanquished.

Notes
Turn   | Place    | Note
-------+----------+-------------------------------------------
     0 | D:1      | benadryl the Gargoyle Hunter began the quest for the Orb.
     0 | D:1      | Reached XP level 1. HP: 12/12 MP: 1/1
    75 | D:1      | Reached XP level 2. HP: 18/18 MP: 2/2
   416 | D:1      | Reached XP level 3. HP: 20/22 MP: 3/3
  1025 | D:2      | Reached skill level 5 in Ranged Weapons
  1113 | D:2      | Reached XP level 4. HP: 28/28 MP: 4/4
  1666 | D:3      | Killed from afar by an orc priest

Illustrated notes

Levels and vault maps discovered:
D:1:      denvon_arrival_planthouse, layout_basic, minmay_hedge_maze,
          minmay_worlds_worst_comb
D:2:      layout_basic, minmay_circle_x
D:3:      layout_loops_corners, old_standard_altar,
          lemuel_coloured_pillars_altar, gammafunk_ghost_smash,
          gup_sewer_entry_bubbles

Skill      XL: |  1  2  3 |
---------------+----------+-----
Fighting       | 3 |  3.2
Ranged Weapons | 5 |  5.1
Dodging        | |  1.5
Stealth        | |  1.1

Action                   |  1- 3 |  4- 6 || total
-------------------------+-------+-------++-------
 Fire: Shortbow          |   113 |    25 ||   138
  Use: Scroll            |       |     5 ||     5
Armor: Leather armour    |    25 |       ||    25
       Chain mail        |       |     9 ||     9
Dodge: Dodged            |    26 |    15 ||    41

Table legend: (Time is in decaauts)
 A = Elapsed time spent in this place.
 B = Non-inter-level travel time spent in this place.
 C = Inter-level travel time spent in this place.
 D = Time resting spent in this place.
 E = Time spent auto-exploring this place.
 F = Levels seen in this place.
 G = Mean time per level.
                   A        B        C        D        E       F      G
               +--------+--------+--------+--------+--------+-----+--------+
         Total |   1725 |   1676 |     49 |      0 |   1386 |   3 |  575.0 |
       Dungeon |   1725 |   1676 |     49 |      0 |   1386 |   3 |  575.0 |
               +--------+--------+--------+--------+--------+-----+--------+

Top non-repeatable levels by time:
     D:1: 826 daAuts
     D:2: 780 daAuts
     D:3: 119 daAuts
